 Dungeon Crawl Stone Soup version 0.23.2-40-g277498a001 (webtiles) character file.

Game seed: 2261694146721152801

501 Descartes the Skirmisher (level 7, 0/59 HPs)
             Began as a Formicid Wanderer on Aug 25, 2019.
             Slain by a hornet (shapeshifter) (7 damage)
             ... on level 4 of the Dungeon on Aug 26, 2019.
             The game lasted 00:11:03 (3904 turns).

Descartes the Skirmisher (Formicid Wanderer)        Turns: 3904, Time: 00:11:04

Health: 0/59       AC: 13    Str: 16    XL:     7   Next: 40%
Magic:  10/10      EV: 10    Int: 11    God:
Gold:   171        SH:  0    Dex: 13    Spells: 10/10 levels left

rFire    + . .     SeeInvis +   B - +0 dagger (chaos)
rCold    . . .     Gourm    .   (no shield)
rNeg     . . .     Faith    .   d - +2 scale mail
rPois    .         Spirit   .   (helmet unavailable)
rElec    .         Reflect  .   (no cloak)
rCorr    .         Harm     .   (no gloves)
MR       .....                  (no boots)
Stlth    +.........             (no amulet)
HPRegen  0.19/turn              n - +4 ring of protection
MPRegen  0.12/turn              s - ring of protection from fire

@: no status effects
A: permanent stasis, dig shafts and tunnels, four strong arms, antennae 3
a: Dig, Shaft Self


You were on level 4 of the Dungeon.
You were not hungry.

You visited 1 branch of the dungeon, and saw 4 of its levels.

You collected 171 gold pieces.

Inventory:

Hand Weapons
 a - a +0 club
 q - a +0 falchion
 z - a +0 blowgun
 B - a +0 dagger of chaos (weapon)
 D - a +0 morningstar
Missiles
 j - 175 stones (quivered)
 m - 7 needles of confusion
 o - 51 sling bullets
 p - 58 bolts
 w - 7 needles of sleeping
 x - 20 arrows
 y - 55 poisoned needles
Armour
 d - a +2 scale mail (worn)
 u - a +0 chain mail
Jewellery
 n - a +4 ring of protection (left hand)
 s - a ring of protection from fire (right hand)
Wands
 A - a wand of acid (7)
Scrolls
 e - 2 scrolls of immolation {unknown}
 h - 4 scrolls of enchant armour {unknown}
 i - 6 scrolls of identify {unknown}
 l - a scroll of noise {unknown}
 t - a scroll of enchant weapon {unknown}
 v - 2 scrolls of remove curse {unknown}
 C - 2 scrolls of amnesia {unknown}
Potions
 b - a potion of lignification
 c - 2 potions of curing
 g - a potion of experience {unknown}
 k - 2 potions of heal wounds {unknown}
 r - a potion of invisibility {unknown}
Comestibles
 f - 8 rations
 E - 3 chunks of flesh


   Skills:
 + Level 6.4 Fighting
 + Level 2.5 Long Blades
 + Level 4.7 Armour
 + Level 2.5 Dodging
 + Level 4.1 Stealth
   Level 1.2 Shields
 + Level 2.0 Spellcasting


You had 10 spell levels left.
You didn't know any spells.
Your spell library was empty.

Dungeon Overview and Level Annotations

Branches:
Dungeon (4/15)
 Temple: D:4-7

Altars:
Gozag
Xom
Zin


Innate Abilities, Weirdness & Mutations

You cannot be hasted, slowed, berserked, paralysed or teleported.
You can dig through walls and to a lower floor.
Your four strong arms can wield two-handed weapons with a shield.
You have a pair of large antennae on your head. (SInv)


Message History

Your scale mail prevents you from hitting the hornet.
The hornet stings you.
Your stasis prevents you from being slowed.
The hornet stings you!
Your stasis prevents you from being slowed.
You hit the hornet but do no damage. The hornet barely misses you.
You hit the hornet but do no damage. The hornet stings you!
* * * LOW HITPOINT WARNING * * *
You are poisoned.
Your stasis prevents you from being slowed.
The hornet stings you but does no damage.
You miss the hornet.
You feel sick. The hornet stings you.
* * * LOW HITPOINT WARNING * * *
Your stasis prevents you from being slowed.
You feel better. The hornet stings you.
* * * LOW HITPOINT WARNING * * *
Your stasis prevents you from being paralysed.
The hornet barely misses you.
You closely miss the hornet. The hornet stings you!
You die...

####.########## #
#....)........####
#.##.#............
#....#........####
#.####..........##
#.............#...
#.#####.......####
#.# #...........
#@# ############
#y# #### #.# #...
#.# #.## #.# # #.#
# #.. # ### # #


You could see a hornet shaped shifter.

Vanquished Creatures
  An ogre (D:4)
  A scorpion (D:3)
  A howler monkey (D:4)
  A centaur skeleton (D:4)
  2 orc priests
  An orc wizard (D:3)
  3 worker ants
  4 adders (D:2)
  2 oozes
  An adder skeleton (D:4)
  3 worms
  A leopard gecko (D:1)
  17 orcs
  7 bats
  3 giant cockroaches
  4 goblins
  2 hobgoblins
  4 jackals (D:1)
  2 frilled lizards (D:4)
  6 kobolds
  13 rats
79 creatures vanquished.

Notes
Turn   | Place    | Note
-------+----------+-------------------------------------------
     0 | D:1      | Descartes the Formicid Wanderer began the quest for the
                  | Orb.
     0 | D:1      | Descartes set off with the following items: a +0 club, a
                  | potion of lignification, a potion of curing, a +2 scale
                  | mail, a ration
     0 | D:1      | Reached XP level 1. HP: 21/21 MP: 1/1
    86 | D:1      | Reached XP level 2. HP: 20/27 MP: 2/2
   500 | D:2      | Reached XP level 3. HP: 32/34 MP: 3/3
   616 | D:2      | Reached skill level 1 in Dodging
   884 | D:2      | Reached XP level 4. HP: 37/40 MP: 4/4
  1014 | D:2      | Reached skill level 1 in Long Blades
  1463 | D:3      | Reached XP level 5. HP: 12/46 MP: 5/5
  1468 | D:3      | HP: 1/46 [orc/+0 flail (6)]
  1476 | D:3      | HP: 1/46 [orc/+0 flail (1)]
  1735 | D:3      | Reached skill level 6 in Fighting
  2003 | D:3      | Found a glowing silver altar of Zin.
  2004 | D:3      | Found an opulent altar of Gozag.
  2179 | D:3      | Reached skill level 1 in Spellcasting
  2182 | D:3      | Found a shimmering altar of Xom.
  2330 | D:4      | Reached XP level 6. HP: 43/52 MP: 7/7
  2512 | D:4      | Noticed an ogre
  2812 | D:4      | Killed an ogre
  3377 | D:4      | Reached XP level 7. HP: 57/58 MP: 9/9
  3891 | D:4      | Noticed a shapeshifter
  3891 | D:4      | a worm changed into a shapeshifter
  3891 | D:4      | Noticed a salamander
  3891 | D:4      | a shapeshifter changed into a salamander
  3894 | D:4      | Noticed a hornet
  3894 | D:4      | a salamander changed into a hornet
  3904 | D:4      | Slain by a hornet (shapeshifter)

Skill      XL: |  1  2  3  4  5  6  7 |
---------------+----------------------+-----
Stealth        | 2 3 4 |  4.1
Dodging        | 1 2 |  2.5
Long Blades    | 1 2 |  2.5
Armour         | 4 |  4.7
Fighting       | 6 |  6.4
Spellcasting   | 1 2 |  2.0
Shields        | |  1.2

Action                   |  1- 3 |  4- 6 |  7- 9 || total
-------------------------+-------+-------+-------++-------
Melee: Club              |    86 |       |       ||    86
       Falchion          |    23 |   111 |       ||   134
       Dagger            |       |    73 |    78 ||   151
  Use: Potion            |       |     1 |     2 ||     3
 Stab: Paralysed         |       |     1 |     3 ||     4
  Eat: Chunk             |       |     8 |     2 ||    10
Armor: Scale mail        |    92 |    88 |    29 ||   209
Dodge: Dodged            |    83 |    99 |    35 ||   217
       Rpst.: Falchion   |     8 |    18 |       ||    26
